 Dungeon Crawl Stone Soup version 0.23.0 (webtiles) character file.

Game seed: 1217690956293067587

15404 ernesto the Fighter (level 12, 0/115 HPs)
             Began as a Hill Orc Fighter on Feb 9, 2019.
             Was an Elder of Makhleb.
             Killed by divine providence
             ... invoked by a balrug
             ... summoned by the player character
              (14 damage)
             ... in an ice cave on Feb 10, 2019.
             The game lasted 01:48:43 (15097 turns).

ernesto the Fighter (Hill Orc Fighter)             Turns: 15097, Time: 01:48:44

Health: 0/115      AC: 16    Str: 24    XL:     12   Next: 26%
Magic:  17/17      EV: 15    Int:  8    God:    Makhleb [****..]
Gold:   9          SH: 12    Dex: 10    Spells: 11/11 levels left

rFire    . . .     SeeInvis .   E - +3 war axe
rCold    + . .     Gourm    .   c - +1 shield
rNeg     . . .     Faith    .   a - +4 scale mail {rPois}
rPois    +         Spirit   .   (no helmet)
rElec    .         Reflect  .   g - +0 cloak
rCorr    .         Harm     .   l - +0 pair of gloves
MR       .....                  (no boots)
Stlth    ..........             (no amulet)
HPRegen  0.29/turn              m - +6 ring of evasion
MPRegen  0.15/turn              L - ring of protection from cold

@: no status effects
A: no striking features
a: Minor Destruction, Lesser Servant of Makhleb, Major Destruction, Renounce
Religion


You were in an ice cave.
You worshipped Makhleb.
Makhleb was greatly pleased with you.
You were not hungry.

You visited 3 branches of the dungeon, and saw 12 of its levels.
You also visited: Ice Cave.

You collected 851 gold pieces.
You spent 842 gold pieces at shops.

Inventory:

Hand Weapons
 b - a +3 battleaxe
 q - a cursed +6 battleaxe
 B - a +3 trident
 E - a +3 war axe (weapon)
Armour
 a - a +4 scale mail of poison resistance (worn)
 c - a +1 shield (worn)
 g - a +0 cloak (worn)
 l - a +0 pair of gloves (worn)
 o - a +0 plate armour
 r - a +0 chain mail
Jewellery
 m - a +6 ring of evasion (left hand)
 p - a +2 ring of slaying
 v - an uncursed ring of flight
 L - a ring of protection from cold (right hand)
Wands
 n - a wand of random effects (31)
 y - a wand of acid (9)
 C - a wand of disintegration (11)
 H - a wand of enslavement (3)
 K - a wand of digging (10)
Scrolls
 i - 4 scrolls of amnesia
 k - 3 scrolls of teleportation
 u - 9 scrolls of identify
 x - a scroll of enchant armour
 z - 3 scrolls of fear
 D - 6 scrolls of remove curse
 J - a scroll of blinking
 M - a scroll of magic mapping
Potions
 d - 4 potions of might
 e - 4 potions of curing
 h - a potion of resistance
 j - 2 potions of brilliance
 s - 3 potions of agility
 t - a potion of berserk rage
 w - a potion of flight
 A - a potion of cancellation
 F - a potion of invisibility
 G - 2 potions of haste
 I - a potion of heal wounds
Comestibles
 f - 30 rations


   Skills:
 + Level 13.0 Fighting
 - Level 12.0 Axes
 - Level 11.1 Armour
 * Level 9.1 Shields
 - Level 7.5 Invocations


You had 11 spell levels left.
You didn't know any spells.
Your spell library contained the following spells:

 Spells                   Type           Power        Failure   Level  Hunger
 Beastly Appendage        Tmut           #.....       88%         1    ##.....
 Corona                   Hex            #......      88%         1    ##.....
 Flame Tongue             Conj/Fire      #....        88%         1    ##.....
 Summon Small Mammal      Summ           #...         88%         1    ##.....
 Call Imp                 Summ           #.......     96%         2    ###....
 Slow                     Hex            #.......     96%         2    ###....
 Sticks to Snakes         Tmut           #.......     96%         2    ###....
 Throw Flame              Conj/Fire      #.....       96%         2    ###....
 Call Canine Familiar     Summ           #.......     99%         3    ####...
 Conjure Flame            Conj/Fire      #.......     99%         3    ####...
 Inner Flame              Hex/Fire       #.......     99%         3    ####...
 Portal Projectile        Hex/Tloc       #.....       99%         3    ####...
 Spider Form              Tmut/Pois      #.........   99%         3    ####...
 Summon Guardian Golem    Hex/Summ       #.......     99%         3    ####...
 Cause Fear               Hex            #.........   100%        4    #####..
 Ice Form                 Ice/Tmut       #.......     100%        4    #####..
 Leda's Liquefaction      Hex/Erth       #.........   100%        4    #####..
 Sticky Flame             Conj/Fire      #.......     100%        4    #####..
 Summon Ice Beast         Ice/Summ       #.......     100%        4    #####..
 Summon Lightning Spire   Summ/Air       #.......     100%        4    #####..
 Blade Hands              Tmut           #.........   100%        5    ######.
 Fireball                 Conj/Fire      #.........   100%        5    ######.


Dungeon Overview and Level Annotations

Branches:
Dungeon (10/15)            Temple (1/1) D:6             Orc (1/2) D:10
   Lair: D:8-11

Altars:
Ashenzari
Cheibriados
Dithmenos
Elyvilon
Fedhas
Gozag
Hepliaklqana
Kikubaaqudgha
Makhleb
Nemelex Xobeh
Okawaru
Qazlal
Ru
Sif Muna
Trog
Uskayaw
Vehumet
Wu Jian
Xom
Yredelemnul
Zin
The Shining One

Shops:
D:6 [(   D:9 !   Orc:1 =

Annotations:
D:4 1 runed translucent door, exclusion: door, Gargoyl's ghost, amateur CeAK
D:5 2 transporters, Debik's ghost, novice GrEE
D:9 1 runed translucent door, exclusion: door, tensugalgo's ghost, novice DrGl
Orc:1 3 runed translucent doors, barkas's ghost, journeyman CeMo


Message History

A bolt of fire appears from out of thin air!
The bolt of fire hits you!!
* * * LOW HITPOINT WARNING * * *
You hear some strange, mumbled words.
A bolt of fire appears from out of thin air!
The bolt of fire hits you!
* * * LOW HITPOINT WARNING * * *
You feel much better.
There is an open door here.
A demon appears!
It doesn't seem very happy.
You can no longer summon a greater servant of Makhleb.
The balrug gestures at you. Makhleb smites you!
* * * LOW HITPOINT WARNING * * *
You block the balrug's attack. You block the balrug's attack.
The balrug gestures at you. Makhleb smites you!
You die...

#.#)?)#.#
#.#?⌠[#.#
##.#[.!#.##
####..#####.8####
#...............#
#'######'######'#
#.#.'..p....'.#.#
#.###.82..8.###.#
#.#.'.@.....'.#.#
#.###.8...8.###.#
#.#.'.......'.#.#
#.###.8...8.###.#
#.#.'.......'.#.#
#'###'#...#'###'#
#...#.#...#.#...#
###.###...###.###
#...#...#...#


You could see a balrug and a necromancer.

Vanquished Creatures
  Harold (D:7)
  2 two-headed ogres (D:8)
  Pikel (D:8)
  A gargoyle (D:10)
  3 ice statues (IceCv)
  2 rime drakes (Orc:1)
  12 ice devils (IceCv)
  A queen bee (D:10)
  A troll (D:9)
  2 hornets
  2 hippogriffs (D:10)
  A wraith (D:10)
  2 black bears
  A slave (D:8)
  5 orc warriors
  6 ogres
  A sky beast (D:6)
  A necrophage (D:5)
  4 phantoms
  7 centaurs
  2 big kobolds
  6 bullfrogs
  2 gnoll sergeants
  4 scorpions
  A wyvern skeleton (D:6)
  20 killer bees
  An electric eel (D:10)
  12 wights
  A howler monkey (D:6)
  5 crimson imps
  A lava snake (D:8)
  2 draconian simulacra (IceCv)
  8 hounds
  3 centaur skeletons
  6 orc priests
  6 bullfrog skeletons
  Natasha (thrice) (D:2)
  9 iguanas
  11 orc wizards
  6 worker ants
  2 spriggan simulacra (IceCv)
  5 troll simulacra (IceCv)
  6 ogre zombies (D:10)
  2 hound zombies
  2 hound skeletons
  A mummy (D:5)
  A worker ant zombie (D:10)
  25 gnolls
  7 adders
  A naga simulacrum (IceCv)
  A shadow imp (D:6)
  An ooze (D:5)
  2 adder zombies (D:7)
  2 worms
  3 dart slugs
  6 leopard geckos
  50 orcs
  3 ball pythons
  4 giant cockroaches
  9 hobgoblins
  10 jackals
  9 quokkas
  8 bats
  7 frilled lizards
  10 goblins
  A goblin skeleton (D:10)
  2 goblin zombies (D:10)
  2 hobgoblin skeletons (D:10)
  2 hobgoblin zombies (D:10)
  14 kobolds
  A leopard gecko skeleton (D:6)
  10 orc zombies (D:10)
  25 rats
399 creatures vanquished.

Vanquished Creatures (others)
  A slave (D:8)
  6 plants (D:9)
7 creatures vanquished.

Grand Total: 406 creatures vanquished

Notes
Turn   | Place    | Note
-------+----------+-------------------------------------------
     0 | D:1      | ernesto the Hill Orc Fighter began the quest for the Orb.
     0 | D:1      | Reached XP level 1. HP: 19/19 MP: 1/1
   118 | D:1      | Reached skill level 4 in Fighting
   118 | D:1      | Reached XP level 2. HP: 24/27 MP: 2/2
   419 | D:1      | Reached XP level 3. HP: 32/34 MP: 3/3
  1173 | D:2      | Reached skill level 5 in Fighting
  1207 | D:2      | Noticed Natasha
  1253 | D:2      | Killed Natasha
  1253 | D:2      | Reached XP level 4. HP: 26/42 MP: 4/4
  1377 | D:2      | Found a sparkling altar of Nemelex Xobeh.
  1544 | D:2      | Noticed Natasha
  1553 | D:2      | Killed Natasha
  1574 | D:2      | Reached XP level 5. HP: 50/50 MP: 5/5
  1623 | D:2      | Reached skill level 6 in Fighting
  1736 | D:2      | Noticed Natasha
  1803 | D:2      | Killed Natasha
  2279 | D:3      | Reached skill level 5 in Axes
  2320 | D:3      | Reached XP level 6. HP: 58/58 MP: 6/6
  2417 | D:3      | Reached skill level 7 in Fighting
  2650 | D:3      | You fall through a shaft for 2 floors!
  2650 | D:5      | Entered Level 5 of the Dungeon
  2778 | D:3      | Found a snail-covered altar of Cheibriados.
  2984 | D:4      | Noticed Gargoyl's ghost (amateur CeAK)
  2987 | D:4      | Found a runed translucent door.
  3402 | D:4      | Reached XP level 7. HP: 59/67 MP: 7/7
  3554 | D:4      | Reached skill level 8 in Fighting
  3722 | D:5      | Found a transporter.
  3804 | D:5      | Found a transporter.
  3806 | D:5      | Noticed Debik's ghost (novice GrEE)
  3807 | D:5      | Identified the +9 dire flail "Kouh" {venom, rN++ Stlth+}
  4050 | D:5      | Reached XP level 8. HP: 65/74 MP: 8/8
  4053 | D:5      | Reached skill level 5 in Armour
  4373 | D:5      | Reached skill level 9 in Fighting
  4923 | D:6      | Found a shattered altar of Ashenzari.
  4923 | D:6      | Found a deep blue altar of Sif Muna.
  4924 | D:6      | Found a shadowy altar of Dithmenos.
  5023 | D:6      | Found Xono's Antique Weapon Shoppe.
  5064 | D:6      | Found a staircase to the Ecumenical Temple.
  5189 | Temple   | Entered the Ecumenical Temple
  5230 | Temple   | Became a worshipper of Makhleb the Destroyer
  5479 | D:6      | Reached XP level 9. HP: 76/84 MP: 9/9
  5776 | D:6      | Reached skill level 10 in Fighting
  6533 | D:6      | Reached skill level 1 in Invocations
  6927 | D:7      | Reached * piety under Makhleb
  6946 | D:7      | Noticed Harold
  7497 | D:6      | Found a white marble altar of Elyvilon.
  7582 | D:6      | Found Reutwov's Antique Armour Shop.
  7761 | D:7      | Killed Harold
  7761 | D:7      | Reached skill level 5 in Shields
  7761 | D:7      | Reached skill level 5 in Invocations
  7761 | D:7      | Reached XP level 10. HP: 50/92 MP: 11/13
  8173 | D:7      | You fall through a shaft for 3 floors!
  8173 | D:10     | Entered Level 10 of the Dungeon
  8402 | D:8      | Noticed a two-headed ogre
  8418 | D:8      | Killed a two-headed ogre
  8418 | D:8      | Reached skill level 11 in Fighting
  8838 | D:8      | Found an opulent altar of Gozag.
  8893 | D:8      | Reached ** piety under Makhleb
  9216 | D:7      | Reached skill level 10 in Armour
  9851 | D:8      | Noticed Pikel
  9862 | D:8      | Reached skill level 12 in Fighting
  9872 | D:8      | Killed Pikel
 10047 | D:8      | Noticed a two-headed ogre
 10055 | D:8      | Killed a two-headed ogre
 10055 | D:8      | Reached XP level 11. HP: 93/104 MP: 14/14
 10271 | D:9      | Found a runed translucent door.
 10272 | D:9      | Identified the cursed +1 trident of the Egg {speed, Dex+7}
 10272 | D:9      | Noticed tensugalgo's ghost (novice DrGl)
 10673 | D:9      | Found Veunkeu's Distillery.
 10680 | D:9      | Bought 2 potions of haste for 280 gold pieces
 10680 | D:9      | Bought a potion of heal wounds for 70 gold pieces
 10680 | D:9      | Bought a potion of curing for 42 gold pieces
 10856 | D:9      | Reached *** piety under Makhleb
 10965 | D:9      | Found an iron altar of Okawaru.
 10966 | D:9      | Found an ornate altar of the Wu Jian Council.
 10968 | D:9      | Found a sacrificial altar of Ru.
 10985 | D:9      | Found a radiant altar of Vehumet.
 10985 | D:9      | Found an ancient bone altar of Kikubaaqudgha.
 11605 | D:10     | Reached skill level 10 in Axes
 11844 | D:10     | Reached skill level 13 in Fighting
 12549 | D:10     | Reached **** piety under Makhleb
 12785 | D:10     | Found a staircase to the Orcish Mines.
 13377 | Orc:1    | Entered Level 1 of the Orcish Mines
 13377 | Orc:1    | Found Beahe's Jewellery Emporium.
 13387 | Orc:1    | O1 jewelery shop
 13447 | Orc:1    | Found a frozen archway.
 13670 | Orc:1    | Found a runed translucent gate.
 13670 | Orc:1    | Found a runed translucent gate.
 13670 | Orc:1    | Found a runed translucent gate.
 13672 | Orc:1    | Noticed barkas's ghost (journeyman CeMo)
 13706 | Orc:1    | Bought an uncursed ring of protection from cold for 450
                  | gold pieces
 13725 | IceCv    | Entered an ice cave
 14236 | IceCv    | Reached XP level 12. HP: 103/114 MP: 17/17
 14525 | IceCv    | Reached ***** piety under Makhleb
 15036 | IceCv    | Noticed a green death
 15092 | IceCv    | Noticed a balrug
 15097 | IceCv    | Killed from afar by a balrug

Skill      XL: |  1  2  3  4  5  6  7  8  9 10 11 12 |
---------------+-------------------------------------+-----
Fighting       | 4 5 6 7 8 9 10 12 13 | 13.0
Axes           | 3 4 5 6 7 8 9 11 12 | 12.0
Armour         | 4 6 8 10 11 | 11.1
Invocations    | 5 7 |  7.5
Shields        | 5 7 9 |  9.1

Action                   |  1- 3 |  4- 6 |  7- 9 | 10-12 || total
-------------------------+-------+-------+-------+-------++-------
Melee: War axe           |    89 |   182 |   372 |   836 ||  1479
Invok: Greater Servant o |       |       |       |     2 ||     2
       Major Destruction |       |       |       |     1 ||     1
  Use: Scroll            |       |    11 |     8 |     6 ||    25
       Potion            |       |       |     2 |     5 ||     7
  Eat: Chunk             |     1 |     7 |    11 |    13 ||    32
       Ration            |       |       |     1 |     4 ||     5
Armor: Scale mail        |    25 |    85 |    74 |   209 ||   393
       Chain mail        |       |       |     6 |    12 ||    18
Dodge: Dodged            |    25 |    64 |   148 |   377 ||   614
Block: Shield            |    37 |    73 |   174 |   441 ||   725
